Match 47227765
Unlisted

Match 47227765
End
Construct Weapon Support Center
Selects Heavy Weapons
M1919 Machine Gun Team
Bazooka Squad
M1919 Machine Gun Team
M1919 Machine Gun Team
Bazooka Squad
Selects M2HB .50cal Heavy Machine Gun
Mechanized Support Center
M3 Armored Personnel Carrier
Scout Squad
M3 Armored Personnel Carrier
Designate Forward Repair Station
M1919 Machine Gun Team
Selects Assault Carriers
Selects Exchangeable Parts
Construct Medical Station
Construct Tank Depot
Engineer Squad
M4A1 Sherman Medium Tank
Engineer Squad
Improved M9 Bazooka Rockets
LwD-ClevelanD
RainbowCat
是谁最爱吃哈基米
insanepiglet
BamboneWertherone ITA
Capibimbambombolilalone ITA
Konrad Curze
FLOKL
0
0

Comments sign in to comment!

No comments posted yet!